AoeStats
← gob b

Black Forest

504459146Analyzed
4v4 RM · 27d ago on Sep 5, 2026· 40m 16s· 8 players
Game mode
Random Map
Map size
Large (8 player)
Population
200
Speed
Normal
Resources
Standard
Victory
Conquest
Starting age
Dark Age
Ending age
Imperial Age
RankedLock teamsTeams togetherTeam positionsShared explorationLock speedFull tech treeHidden civsTurbo modeCheats
Victory
Defeat
🇹🇼 Britons · Taiwan
1248
+15
🇹🇼 Celts · Taiwan
1211
+16
🇨🇳 Japanese · China
1122
+19
🇨🇳 Teutons · China
1119
+20
🇨🇿 Bulgarians · Czechia
1250
-19
🇩🇪 Goths · Germany
1224
-18
🇳🇴 Khmer · Norway
1195
-36
🇮🇳 Bohemians · India
1177
-16
gob b
4:58 Loom
12:54 Feudal Age
16:35 Castle Age
15:24 Forging
17:20 Double-Bit Axe
17:17 Horse Collar
23:26 Bow Saw
27:05 Wheelbarrow
28:17 Fletching
31:33 Heavy Plow
34:32 Imperial Age
33:12 Iron Casting
32:37 Scale Mail Armor
32:34 Bodkin Arrow
34:08 Chemistry
32:40 Pikeman
33:21 Squires
33:06 Arson
34:18 Chain Mail Armor
36:53 Blast Furnace
36:23 Plate Mail Armor
35:53 Bracer
36:18 Halberdier
GodlysTheKhmer
0:43 Loom
13:23 Feudal Age
17:17 Double-Bit Axe
18:35 Horse Collar
19:40 Fletching
26:38 Castle Age
29:00 Guard Tower
31:07 Bodkin Arrow
38:20 Imperial Age
35:38 Fishing Lines
37:06 Gillnets
Kovboj
10:16 Feudal Age
17:00 Castle Age
15:46 Double-Bit Axe
18:15 Loom
18:20 Horse Collar
19:21 Heavy Plow
24:12 Wheelbarrow
25:16 Fletching
26:53 Gold Mining
28:31 Caravan
29:33 Hand Cart
29:05 Town Watch
29:29 Scale Barding Armor
31:24 Forging
34:37 Imperial Age
33:28 Bloodlines
33:40 Chain Barding Armor
33:40 Gambesons
33:58 Husbandry
34:47 Squires
35:47 Iron Casting
35:56 Plate Barding Armor
34:45 Elite Konnik
35:59 Crop Rotation
35:42 Bodkin Arrow
36:07 Arson
Mo...
0:48 Loom
12:59 Feudal Age
13:47 Double-Bit Axe
15:06 Wheelbarrow
17:54 Castle Age
16:22 Horse Collar
19:05 Bow Saw
19:22 Heavy Plow
19:16 Stone Mining
19:16 Gold Mining
20:40 Scale Mail Armor
20:50 Forging
21:15 Squires
21:12 Fishing Lines
24:24 Fervor
25:46 Man-at-Arms
27:40 Ballistics
26:58 Long Swordsman
28:41 Chain Mail Armor
29:02 Iron Casting
28:47 Gold Mining
29:32 Stone Shaft Mining
28:51 Pikeman
29:59 Anarchy
31:41 Masonry
32:26 Caravan
33:20 Gillnets
36:50 Imperial Age
35:17 Fletching
36:55 Two-Handed Swordsman
38:37 Blast Furnace
37:34 Champion
simonchen0125
11:33 Feudal Age
15:41 Castle Age
15:01 Double-Bit Axe
17:34 Bow Saw
20:01 Scale Barding Armor
20:27 Husbandry
26:05 Chain Barding Armor
29:14 Wheelbarrow
28:26 Loom
28:28 Town Watch
31:25 Hand Cart
32:45 Fishing Lines
32:59 Gold Mining
36:44 Imperial Age
34:39 Horse Collar
36:25 Scale Mail Armor
36:35 Forging
36:37 Pikeman
37:03 Arson
36:59 Onager
37:47 Heavy Plow
38:58 Siege Onager
谛听
11:02 Feudal Age
11:56 Double-Bit Axe
11:57 Horse Collar
14:53 Castle Age
16:01 Bow Saw
15:56 Heavy Plow
22:47 Wheelbarrow
22:57 Gold Mining
22:57 Stone Mining
24:22 Hand Cart
25:24 Gold Shaft Mining
29:04 Imperial Age
27:52 Ballistics
27:13 Treadmill Crane
27:55 Ballistics
27:48 Forging
27:38 Scale Mail Armor
29:15 Coinage
29:03 Squires
28:23 Pikeman
28:49 Gambesons
28:50 Arson
29:35 Chain Mail Armor
29:56 Iron Casting
29:24 Guard Tower
30:16 Conscription
30:02 Elite Samurai
31:15 Plate Mail Armor
31:49 Two-Man Saw
31:41 Banking
32:10 Yasama
33:20 Chemistry
33:00 Keep
33:47 Blast Furnace
32:38 Fletching
32:48 Padded Archer Armor
32:43 Halberdier
36:45 Kataparuto
36:46 Bodkin Arrow
36:37 Loom
38:11 Bracer
LocalMomsHelper
0:41 Loom
10:02 Feudal Age
15:12 Man-at-Arms
21:05 Town Watch
25:58 Double-Bit Axe
29:10 Castle Age
28:03 Horse Collar
30:42 Bow Saw
32:56 Wheelbarrow
32:38 Heavy Plow
36:57 Imperial Age
35:27 Fletching
35:37 Padded Archer Armor
36:41 Ballistics
36:48 Bodkin Arrow
37:09 Leather Archer Armor
37:39 Bracer
lly
1:48 Loom
13:05 Feudal Age
14:55 Double-Bit Axe
15:06 Horse Collar
18:30 Castle Age
19:56 Bow Saw
19:38 Stone Mining
20:06 Fletching
22:21 Wheelbarrow
21:33 Town Watch
24:07 Heavy Plow
26:03 Fortified Wall
26:17 Bodkin Arrow
28:19 Gold Mining
29:04 Stone Shaft Mining
29:10 Heated Shot
29:45 Ballistics
29:58 Forging
29:53 Scale Barding Armor
30:59 Hand Cart
35:11 Imperial Age
34:06 Padded Archer Armor
35:40 Bloodlines
35:36 Squires
35:24 Arson
36:17 Iron Casting
36:02 Chain Barding Armor
36:19 Conscription
35:32 Cavalier
37:33 Crop Rotation
38:09 Two-Man Saw
37:53 Elite Teutonic Knight
Connection lost

Rejoining the realm…

Still unreachable

The connection could not be restored.

Session expired

The server has moved on; the page needs a fresh start.